Map: Nightshade LE

Players

Neuro - Winner!

  • Race: Zerg Zerg
  • League: Master
  • Spawn Location: 11:00

Setzer

  • Race: Terran Terran
  • League: Master
  • Spawn Location: 5:00

VOD

Have the link to the VOD?

Description

Time

  • Played on: May 12, 2020, 6:19 p.m.
  • Length: 11:08
Show
View Real Time Build Order
Export as new Build Order

Neuro Zerg - Winner!

Build Orders: Hatch First 

Get SALT Encoding   

  12  0:01  Drone  
  13  0:13  Overlord  
  13  0:17  Drone  
  14  0:31  Drone x2  
  16  0:51  Hatchery  
  16  0:52  Drone  
  16  0:57  Drone  
  16  0:59  Drone  
  18  1:11  Extractor  
  18  1:15  Spawning Pool  
  18  1:17  Drone  
  17  1:20  Drone  
  18  1:29  Drone  
  19  1:39  Drone  
  20  1:51  Overlord  
  20  2:02  Queen x2  
  20  2:03  Zergling x4  
  26  2:11  Metabolic Boost  
  26  2:12  Drone  
  26  2:13  Drone  
  28  2:22  Drone  
  29  2:25  Drone  
  30  2:32  Drone  
  31  2:37  Overlord  
  31  2:43  Hatchery  
  30  2:45  Drone  
  31  2:52  Drone  
  31  2:54  Queen  
  31  2:56  Drone  
  35  2:59  Drone  
  36  3:06  Drone  
  36  3:09  Overlord  
  37  3:15  Drone x4  
  37  3:19  Overlord  
  41  3:22  Overlord  
  41  3:24  Drone  
  42  3:28  Zergling x2  
  43  3:39  Overlord  
  43  3:42  Drone  
  43  3:43  Queen  
  46  3:52  Drone x2  
  46  3:55  Drone  
  49  3:57  Lair  
  49  4:00  Drone x2  
  49  4:01  Roach Warren  
  50  4:05  Drone x4  
  54  4:13  Drone  
  54  4:16  Queen  
  54  4:17  Drone x4  
  60  4:20  Drone  
  60  4:24  Drone, Queen  
  62  4:29  Overlord  
  64  4:31  Extractor  
  64  4:32  Extractor  
  64  4:34  Spore Crawler  
  64  4:35  Extractor, Spore Crawler  
  64  4:36  Spore Crawler  
  58  4:40  Overlord  
  58  4:43  Roach  
  62  4:45  Roach  
  62  4:46  Roach  
  62  4:50  Drone  
  62  4:51  Drone x2  
  67  4:57  Glial Reconstitution  
  67  5:02  Drone x6  
  73  5:13  Evolution Chamber, Roach x3  
  78  5:19  Drone x3  
  81  5:26  Overlord x2  
  81  5:33  Overlord  
  81  5:41  Extractor, Queen  
  82  5:45  Pneumatized Carapace  
  82  5:47  Roach x5  
  92  5:58  Roach  
  92  5:59  Roach x3  
  92  6:03  Overlord x2  
  91  6:13  Drone x7  
  88  6:29  Drone x8  
  94  6:33  Drone  
  95  6:46  Zerg Missile Weapons Level 1  
  94  6:47  Infestation Pit  
  94  6:54  Hatchery  
  91  7:05  Drone x10  
  91  7:06  Drone x2  
  103  7:12  Drone x3  
  106  7:21  Drone x3  
  95  7:30  Hive  
  95  7:32  Drone x8  
  95  7:35  Extractor  
  92  7:49  Drone x6  
  92  7:57  Overlord x4  
  92  8:03  Overlord x2  
  92  8:08  Hydralisk Den  
  91  8:13  Drone  
  91  8:14  Drone, Roach  
  91  8:15  Extractor, Roach x6  
  91  8:17  Spore Crawler  
  91  8:19  Spine Crawler  
  104  8:27  Roach x7  
  104  8:33  Roach x5  
  128  8:36  Spine Crawler  
  128  8:38  Spine Crawler, Extractor  
  125  8:48  Roach x7  
  139  8:49  Zerg Missile Weapons Level 2  
  139  8:51  Grooved Spines  
  139  8:57  Viper x3  
  148  9:05  Roach  
  150  9:10  Overlord x2  
  150  9:11  Overseer  
  150  9:13  Hydralisk x5  
  160  9:19  Hydralisk x2  
  160  9:38  Hydralisk  
  160  9:39  Hydralisk x8  
  160  9:45  Hatchery  
  177  9:54  Ravager x3  
  177  9:56  Overlord x3  
  180  10:06  Evolution Chamber, Hydralisk x2  
  183  10:15  Overseer  
  183  10:21  Hydralisk x8  
  199  10:39  Hydralisk  
  199  10:40  Hydralisk x8  
  199  10:44  Roach x2  
Show
View Real Time Build Order
Export as new Build Order

Setzer Terran 

Build Orders: Gas First Reaper Expand, Hellion Opening, Mech 

Get SALT Encoding   

  12  0:00  SCV  
  13  0:13  SCV  
  14  0:21  Supply Depot  
  14  0:25  SCV  
  15  0:30  Refinery  
  16  0:42  SCV  
  16  0:45  Barracks  
  16  0:54  SCV  
  17  1:07  SCV  
  18  1:19  SCV  
  19  1:32  Orbital Command  
  19  1:33  Reaper  
  20  1:48  Command Center  
  20  1:58  SCV  
  21  2:03  Factory  
  21  2:10  SCV  
  21  2:11  Barracks Reactor  
  22  2:16  Refinery  
  22  2:22  SCV  
  23  2:23  Supply Depot  
  22  2:34  SCV  
  23  2:46  SCV  
  23  2:48  Starport  
  24  2:54  Hellion x2  
  28  2:59  SCV  
  28  3:04  Orbital Command  
  29  3:11  SCV  
  30  3:15  Barracks Tech Lab  
  30  3:17  Hellion  
  32  3:20  Hellion  
  32  3:23  SCV  
  35  3:31  Viking  
  37  3:35  SCV x2  
  38  3:45  Hellion  
  38  3:47  SCV x2  
  42  3:50  Fusion Core  
  42  3:55  Hellion  
  44  3:59  SCV x2  
  46  4:08  Supply Depot  
  46  4:23  Supply Depot  
  46  4:30  SCV x2  
  48  4:32  Supply Depot  
  48  4:39  Battlecruiser  
  48  4:45  SCV x2, Hellion x2  
  60  4:49  Command Center  
  60  4:57  SCV x2  
  60  4:58  Weapon Refit  
  62  5:02  Refinery  
  62  5:03  Refinery  
  62  5:07  Supply Depot  
  62  5:11  SCV x2  
  64  5:17  Armory  
  64  5:23  SCV x2  
  66  5:32  Supply Depot  
  66  5:35  SCV x2  
  68  5:41  Factory  
  68  5:47  SCV x2  
  68  5:48  Factory  
  70  5:59  SCV  
  70  6:00  SCV  
  70  6:03  Orbital Command  
  72  6:06  Factory x2  
  66  6:25  Factory Tech Lab  
  66  6:26  Hellion  
  66  6:27  Hellion  
  66  6:28  Orbital Command  
  66  6:30  SCV x2  
  64  6:35  Engineering Bay  
  64  6:39  Terran Vehicle Weapons Level 1  
  60  6:42  Armory  
  60  6:43  Siege Tank  
  60  6:46  Siege Tank  
  66  6:48  Hellion x2  
  66  6:51  Hellion x2  
  71  7:04  SCV x3  
  63  7:09  Hellion x2  
  54  7:23  SCV x3  
  51  7:35  SCV x3  
  54  7:40  Supply Depot  
  50  7:48  SCV x3  
  50  7:51  Missile Turret  
  52  7:53  Factory Reactor  
  52  7:55  Thor  
  58  7:59  Factory Tech Lab  
  58  8:00  SCV  
  58  8:04  SCV x2  
  58  8:05  Missile Turret  
  61  8:12  SCV  
  62  8:13  Siege Tank  
  62  8:16  SCV x2  
  67  8:22  Missile Turret  
  67  8:24  SCV  
  67  8:25  Terran Vehicle And Ship Armor Level 1  
  68  8:28  SCV x2  
  68  8:32  Refinery x2  
  68  8:33  Supply Depot  
  70  8:36  SCV  
  70  8:40  SCV x2  
  73  8:48  SCV  
  73  8:52  Drilling Claws  
  73  8:53  SCV x2  
  73  8:54  Widow Mine x4  
  73  8:55  Widow Mine x2  
  88  8:58  Supply Depot  
  88  9:01  SCV  
  89  9:05  SCV x2, Sensor Tower  
  89  9:07  Supply Depot  
  91  9:10  Hellion x6  
  91  9:13  SCV  
  93  9:17  SCV  
  93  9:19  Supply Depot  
  93  9:20  SCV  
  94  9:25  SCV, Supply Depot  
  95  9:37  Siege Tank x3  
  100  9:39  SCV x3  
  103  9:48  Supply Depot  
  103  9:50  Supply Depot x2  
  103  9:51  SCV x2  
  105  9:53  Barracks  
  105  9:59  SCV  
  106  10:03  SCV x2  
  108  10:08  Starport Tech Lab  
  108  10:09  Supply Depot  
  108  10:11  SCV, Missile Turret  
  108  10:14  Ghost Academy  
  109  10:15  SCV x2  
  109  10:19  Supply Depot  
  111  10:21  Barracks Tech Lab  
  111  10:23  SCV  
  111  10:25  Missile Turret  
  111  10:27  SCV x2  
  114  10:33  Sensor Tower  
  114  10:35  SCV  
  114  10:39  SCV x2  
  101  10:48  SCV  
  92  10:51  SCV  
Tags
 
Add a new tag
Caveats
  • Supply blocks, unpowered buildings, or Contaminate may cause inaccurate times.
  • Supply counts are checked every 10 seconds.